 Dungeon Crawl Stone Soup version 0.17.0-23-g0de4337 (console) character file.

95 gw the Conjurer (level 4, -27/19 HPs)
             Began as a Felid Conjurer on Nov 14, 2015.
             Annihilated by a white ugly thing (35 damage)
             ... on level 6 of the Dungeon.
             The game lasted 00:03:11 (5029 turns).

gw the Conjurer (Felid Conjurer)                    Turns: 5029, Time: 00:03:11

Health: -27/19     AC:  1    Str:  4    XL:     4   Next: 40%
Magic:  4/10       EV: 19    Int: 17    God:
Gold:   99         SH:  0    Dex: 16    Spells: 3 memorised, 3 levels left
                                        Lives:  0   Deaths: 1

rFire  . . .     SeeInvis +       - Unarmed
rCold  . . .     Clarity  .     (armour unavailable)
rNeg   . . .     SustAt   .     (shield unavailable)
rPois  .         Gourm    .     (helmet unavailable)
rElec  .         Spirit   .     (cloak unavailable)
rCorr  .         Warding  .     (gloves unavailable)
rMut   .         Stasis   .     (boots unavailable)
MR     +....                    (no amulet)
Stlth  +++.......               (no ring)
                                i - ring of protection from magic

@: quick, somewhat resistant to hostile enchantments, fairly stealthy
A: no armour, no weapons or thrown items, claws 1, fangs 3, see invisible,
carnivore 3, speed 1, shaggy fur 1, slow metabolism 1, sharp paws
a: no special abilities


You were on level 6 of the Dungeon.
You were very full.

You visited 1 branch of the dungeon, and saw 4 of its levels.

You collected 99 gold pieces.

Inventory:

Jewellery
 i - a ring of protection from magic (left paw)
Scrolls
 c - a scroll of fog {unknown}
 e - 4 scrolls of identify
Potions
 f - a potion of mutation {unknown}
Books
 a - a book of Conjurations

   Spells                             Type                      Level
   a - Magic Dart                     Conjuration                  1
   b - Searing Ray                    Conjuration                  2
   c - Dazzling Spray                 Conjuration/Hexes            3
   d - Fulminant Prism                Conjuration/Hexes            4
   e - Iskenderun's Mystic Blast      Conjuration                  4
   f - Iskenderun's Battlesphere      Conjuration/Charms           5
Comestibles
 b - 2 meat rations
 d - a slice of pizza


   Skills:
 + Level 1.8 Fighting
 + Level 3.7 Dodging
 - Level 2.6 Stealth
 + Level 1.8 Unarmed Combat
 * Level 3.3 Spellcasting
 + Level 3.9 Conjurations


You had 3 spell levels left.
You knew the following spells:

 Your Spells              Type           Power        Failure   Level  Hunger
a - Magic Dart            Conj           ###.         3%          1    None
b - Searing Ray           Conj           ###...       6%          2    ##.....
c - Dazzling Spray        Conj/Hex       #.......     24%         3    ###....


Dungeon Overview and Level Annotations

Branches:
Dungeon (6/15)
 Temple: D:4-7

Altars:
Cheibriados


Innate Abilities, Weirdness & Mutations

You cannot wear armour.
You are incapable of wielding weapons or throwing items.
You have sharp claws.
You have razor-sharp teeth.
You have supernaturally acute eyesight.
You are carnivorous and can eat meat at any time.
You cover ground quickly.
You are covered in fur (AC +1).
You have a slow metabolism.
Your sharp claws are effective at attacking unaware monsters.


Message History

Search for what [Enter for "@corpse$&&!!rott&&!!skel&&!!inedible&&!!mutagenic&&!!forbidden", or ? for help]? @corpse$&&!!rott&&!!skel&&!!inedible&&!!mutagenic&&!!forbidden Can't find anything matching that.
Sorry, you're not good enough to have a special ability.
Search for what [Enter for "@corpse$&&!!rott&&!!skel&&!!inedible&&!!mutagenic&&!!forbidden", or ? for help]? @corpse$&&!!rott&&!!skel&&!!inedible&&!!mutagenic&&!!forbidden Can't find anything matching that.
Sorry, you're not good enough to have a special ability.
You start resting.
An orc warrior comes into view. It is wielding a war axe.
IGNORING orc warrior.
Search for what [Enter for "@corpse$&&!!rott&&!!skel&&!!inedible&&!!mutagenic&&!!forbidden", or ? for help]? @corpse$&&!!rott&&!!skel&&!!inedible&&!!mutagenic&&!!forbidden Can't find anything matching that.
Sorry, you're not good enough to have a special ability.
You start resting.
The white ugly thing gurgles horribly!
The orc warrior moves out of view.
The white ugly thing trunk-slaps you!
Ouch! That really hurt!
The white ugly thing freezes you!!
Ouch! That really hurt!
You die...

..####%###
##.....}...
##..####.###
.###..###.#.#5#
.....###.##.##.
#.....###.###
#....u##...##
#...h#.....#
##.....#.#..
##.......
#####...# ####


You could see a white ugly thing and a crimson imp.

Table legend:
 A = Turns spent in this place as a percentage of turns spent in the entire game.
 B = Non-inter-level travel turns spent in this place as a percentage of non-inter-level travel turns spent in the entire game.
 C = Inter-level travel turns spent in this place as a percentage of turns spent in this place.
 D = Turns resting spent in this place as a percentage of non-inter-level travel turns spent in this place.
 E = Turns spent auto-exploring this place as a percentage of non-inter-level travel turns spent in this place.
 F = Non-inter-level travel turns spent in this place divided by the number of levels of this place that you've seen.
                   A       B       C       D       E      F
               +-------+-------+-------+-------+-------+----------------------
         Total | 100.0 | 100.0 |   0.8 |   3.7 |   2.5 | 1080.0
       Dungeon | 100.0 | 100.0 |   0.8 |   3.7 |   2.5 | 1080.0
               +-------+-------+-------+-------+-------+----------------------

Table legend:
 A = Kills in this place as a percentage of kills in entire the game.
 B = Kills by you in this place as a percentage of kills by you in the entire game.
 C = Kills by friends in this place as a percentage of kills by friends in the entire game.
 D = Other kills in this place as a percentage of other kills in the entire game.
 E = Experience gained in this place as a percentage of experience gained in the entire game.
 F = Experience gained in this place divided by the number of levels of this place that you have seen.
                   A       B       C       D       E      F
               +-------+-------+-------+-------+-------+----------------------
         Total | 100.0 | 100.0 |  -nan |  -nan | 100.0 |  56.8
       Dungeon | 100.0 | 100.0 |  -nan |  -nan | 100.0 |  56.8
               +-------+-------+-------+-------+-------+----------------------

Vanquished Creatures
  7 adders
  3 oozes
  A worm (D:3)
  2 giant geckos
  4 orcs (D:3)
  6 bats
  9 goblins
  12 hobgoblins
  4 jackals (D:1)
  10 kobolds
  3 giant cockroaches (D:1)
  3 giant newts
  12 rats
76 creatures vanquished.

Notes
Turn   | Place    | Note
--------------------------------------------------------------
     0 | D:1      | gw the Felid Conjurer began the quest for the Orb.
     0 | D:1      | Reached XP level 1. HP: 7/7 MP: 4/4
   414 | D:1      | Reached XP level 2. HP: 11/11 MP: 3/6
   446 | D:1      | Learned a level 2 spell: Searing Ray
  1170 | D:1      | Reached XP level 3. HP: 13/15 MP: 0/8
  1240 | D:1      | Learned a level 3 spell: Dazzling Spray
  1844 | D:1      | Reached skill level 1 in Fighting
  2642 | D:2      | Found a snail-covered altar of Cheibriados.
  3244 | D:2      | Reached skill level 1 in Unarmed Combat
  3568 | D:2      | Reached XP level 4. HP: 16/19 MP: 0/9
  4425 | D:3      | Succumbed to an adder's poison
  4426 | D:3      | Reached XP level 3. HP: 0/16 MP: 0/8
  4616 | D:3      | Reached XP level 4. HP: 19/19 MP: 0/10
  5022 | D:3      | You fall through a shaft for 3 floors!
  5022 | D:6      | Noticed a white ugly thing
  5026 | D:6      | Noticed an orc warrior
  5029 | D:6      | Annihilated by a white ugly thing

Action                   |  1- 3 |  4- 6 || total
-------------------------+-------+-------++-------
Melee: Unarmed           |    38 |    34 ||    72
 Cast: Magic Dart        |   101 |    35 ||   136
       Dazzling Spray    |    20 |    16 ||    36
  Use: Potion            |     5 |     1 ||     6
       Scroll            |     2 |     3 ||     5
  Eat: Chunk             |    17 |     9 ||    26

Vault maps used:
D:1:      lightli_arrival_statuegarden
D:2:      marbit_many_paths, grunt_ministairs_7
D:3:      lemuel_doored_altar, moated_statue
D:6:      kennysheep_mini, temple_fountains, serial_shops, shop, kb_rosetta
